 Dungeon Crawl Stone Soup version 0.31.0-11-ge490571c62 (webtiles) character file.

Game seed: 15615835049045237566

72 browni3141 the Shield-Bearer (level 4, -6/40 HPs)
             Began as a Minotaur Fighter on Jan 27, 2024.
             Killed from afar by an orc wizard (12 damage)
             ... with a puff of flame
             ... on level 3 of the Dungeon.
             The game lasted 00:00:31 (271 turns).

browni3141 the Shield-Bearer (Minotaur Fighter)      Turns: 271, Time: 00:00:31

Health: -6/40      AC:  7    Str: 23    XL:     4   Next: 6%
Magic:  0/3        EV:  9    Int:  5    God:
Gold:   54         SH:  4    Dex:  9    Spells: 3/3 levels left

rFire   . . .        a - +0 war axe
rCold   . . .        c - +0 buckler
rNeg    . . .        b - +0 scale mail
rPois   .            (helmet restricted)
rElec   .            (no cloak)
rCorr   .            (no gloves)
SInv    .            (no boots)
Will    .....        h - amulet of guardian spirit Stlth
                     (no ring)
HPRegen 0.26/turn    (no ring)
MPRegen 0.08/turn

%: guardian spirit
@: no status effects
A: horns 2, retaliatory headbutt
a: no special abilities


You were on level 3 of the Dungeon.
You visited 1 branch of the dungeon, and saw 3 of its levels.

You collected 54 gold pieces.

Inventory:

Hand Weapons
 a - a +0 war axe (weapon)
Missiles
 f - a throwing net (quivered)
Armour
 b - a +0 scale mail (worn)
 c - a +0 buckler (worn)
Jewellery
 h - an amulet of guardian spirit (around neck)
Scrolls
 e - a scroll of immolation {unknown}
 g - a scroll of teleportation {unknown}
Potions
 d - a potion of might
 i - a potion of lignification {unknown}
 j - a potion of heal wounds {unknown}
 k - a potion of attraction {unknown}


   Skills:
 + Level 4.2 Fighting
 * Level 3.8 Axes
 + Level 4.2 Armour
 + Level 4.2 Shields


You had 3 spell levels left.
You didn't know any spells.
Your spell library was empty.

Dungeon Overview and Level Annotations

Branches:
Dungeon (3/15)

Altars:
Qazlal


Innate Abilities, Weirdness & Mutations

You have a pair of horns on your head.
You reflexively headbutt those who attack you in melee.


Message History

The orc hits you with a +0 club.
The orc wizard moves out of view.
You barely miss the orc.
An orc comes into view. It is wielding a +0 trident.
You hit the orc wizard but do no damage.
A quokka comes into view.
You closely miss the orc. The orc hits you with a +0 dagger.
You barely miss the orc. You headbutt the orc.
The orc is severely wounded.
The orc barely misses you.
You closely miss the orc.
The orc is severely wounded.
You closely miss the orc. The orc closely misses you. You furiously retaliate!
You headbutt the orc!
You kill the orc!
The orc hits you with a +0 flail.
The orc wizard hits you but does no damage.
The orc barely misses you.
Things that are here:
a +0 dagger; an orc corpse You closely miss the orc wizard.
You hit the orc.
The orc wizard hits you with a +0 dagger.
The orc hits you with a +0 dagger.
You slash the orc wizard! Your headbutt misses the orc wizard.
The orc wizard is heavily wounded.
You hit the orc.
You kill the orc!
You hit the orc wizard but do no damage.
The orc wizard hits you but does no damage.
The orc wizard gestures at you while chanting.
The puff of flame hits you! You block the quokka's attack.
You hit the orc wizard.
The orc wizard is almost dead.
You barely miss the quokka. You barely miss the orc wizard.
The orc wizard hits you but does no damage.
The orc wizard closely misses you. The orc closely misses you.
You block the quokka's attack.
The orc wizard hits you but does no damage.
The orc wizard hits you with a +0 dagger.
You block the orc's attack.
You slash the orc wizard!
You kill the orc wizard!
You closely miss the quokka. You closely miss the orc wizard.
The quokka bites you but does no damage.
The orc wizard barely misses you. The orc closely misses you.
The quokka bites you but does no damage.
You hit the orc wizard. Your headbutt misses the orc wizard.
The orc wizard is moderately wounded.
You barely miss the quokka. The quokka barely misses you.
The orc wizard hits you but does no damage.
The orc barely misses you.
The quokka bites you but does no damage.
You barely miss the orc wizard. Your headbutt misses the orc wizard.
The orc wizard is moderately wounded.
You completely miss the quokka.
The orc wizard mumbles some strange words.
The orc wizard flickers and vanishes!
Deactivating autopickup; reactivate with Ctrl-A.
The orc closely misses you. The quokka completely misses you.
You furiously retaliate!
You headbutt the quokka!
You kill the quokka!
A giant cockroach comes into view.
Something hits you but does no damage. The orc closely misses you.
You have reached level 4!
You feel stronger.
You miss something. You slash the orc!
You kill the orc!
Something hits you but does no damage.
The orc hits you from afar with a +0 trident.
You hit something. You slash the orc!
You kill the orc!
Something completely misses you. The orc closely misses you.
Unknown command.
You barely miss something.
You hear some strange, mumbled words.
You are confused.
The orc hits you but does no damage. Something hits you but does no damage.
The orc barely misses you.
Unknown command.
You bump into the rock wall.
Something hits you but does no damage. The orc barely misses you.
Unknown command.
You bump into the rock wall.
The giant cockroach bites you but does no damage.
Something hits you but does no damage. The orc hits you but does no damage.
You're too confused to move!
The giant cockroach bites you.
You hear some strange, mumbled words.
A puff of flame appears from out of thin air!
The puff of flame hits you.
The orc hits you from afar with a +0 trident.
You're too confused to move!
The giant cockroach bites you. Something hits you but does no damage.
The orc barely misses you.
You bump into the rock wall.
The giant cockroach bites you. Something hits you. The orc barely misses you.
You bump into the rock wall.
You feel less confused. The giant cockroach barely misses you.
The giant cockroach closely misses you.
You hear some strange, mumbled words.
A puff of flame appears from out of thin air!
The puff of flame hits you!
You die...

<.......#.....#....
................#
..............####..
.
....................
..
........####.#####..
... ........# #.#
.... ........# #.###
..... ........#
#...###......
........# #>..{@B#
.......## ##.o##)#
......## ##.. ...
#####... ##....... #
##### ......... #
......... ###
......... #E#
......... ####


You could see an orc and a giant cockroach.

Vanquished Creatures
  An orc wizard (D:3)
  An adder (D:3)
  A ribbon worm (D:3)
  2 dart slugs
  6 orcs (D:3)
  2 endoplasms (D:3)
  2 goblins
  2 hobgoblins (D:3)
  4 quokkas
  A ball python (D:1)
  2 rats (D:1)
24 creatures vanquished.

Notes
Turn   | Place    | Note
-------+----------+-------------------------------------------
     0 | D:1      | browni3141 the Minotaur Fighter began the quest for the
                  | Orb.
     0 | D:1      | Reached XP level 1. HP: 19/19 MP: 0/0
    33 | D:1      | Reached XP level 2. HP: 26/27 MP: 1/1
    37 | D:3      | Noticed a water elemental
    37 | D:3      | Noticed a fire elemental
    37 | D:3      | Noticed an air elemental
    37 | D:3      | Noticed an earth elemental
    37 | D:3      | Found a stormy altar of Qazlal.
   132 | D:3      | Identified the +5 mace of Rira {flame, Int+4}
   208 | D:3      | Reached XP level 3. HP: 33/33 MP: 2/2
   263 | D:3      | Reached XP level 4. HP: 20/40 MP: 0/3
   271 | D:3      | Killed from afar by an orc wizard

Illustrated notes

Levels and vault maps discovered:
D:1:      roadster_arrival_rocket_small, layout_basic, minmay_misc_feat_square
D:2:      layout_rooms, grunt_ministairs_10, minmay_vboxes
D:3:      layout_rooms, nicolae_qazlal_style_of_elements, portal_sewer_entry_a

Skill      XL: |  1  2 |
---------------+-------+-----
Axes           | 3 |  3.8
Fighting       | 4 |  4.2
Armour         | 4 |  4.2
Shields        | 4 |  4.2

Action                     |  1- 3 |  4- 6 || total
---------------------------+-------+-------++-------
  Melee: War axe           |    42 |     3 ||    45
         Headbutt          |     7 |       ||     7
 Armour: Scale mail        |    38 |    16 ||    54
  Dodge: Dodged            |    33 |     8 ||    41
  Block: Buckler           |    15 |       ||    15
